 Dungeon Crawl Stone Soup version 0.28.0 (webtiles) character file.

Game seed: 762298247365487458

356 Sanktem7 the Covered (level 6, -2/56 HPs)
             Began as a Minotaur Fighter on Feb 12, 2022.
             Slain by a gnoll (9 damage)
             ... on level 3 of the Dungeon.
             The game lasted 00:04:31 (3713 turns).

Sanktem7 the Covered (Minotaur Fighter)             Turns: 3713, Time: 00:04:32

Health: -2/56      AC: 10    Str: 23    XL:     6   Next: 36%
Magic:  5/5        EV:  7    Int:  5    God:
Gold:   60         SH:  4    Dex:  9    Spells: 5/5 levels left

rFire   . . .      SeeInvis .   a - +0 war axe
rCold   . . .      Faith    .   c - +0 buckler
rNeg    . . .      Spirit   .   n - +0 chain mail
rPois   .          Reflect  .   (helmet restricted)
rElec   .          Harm     .   (no cloak)
rCorr   .          Rampage  .   (no gloves)
Will    .....                   (no boots)
Stlth   ..........              (no amulet)
HPRegen 0.18/turn               (no ring)
MPRegen 0.09/turn               (no ring)

@: no status effects
A: horns 2, retaliatory headbutt
a: no special abilities


You were on level 3 of the Dungeon.
You visited 1 branch of the dungeon, and saw 3 of its levels.

You collected 60 gold pieces.

Inventory:

Hand Weapons
 a - a +0 war axe (weapon)
Armour
 c - a +0 buckler (worn)
 n - a +0 chain mail (worn)
Scrolls
 e - a scroll of blinking {unknown}
 f - a scroll of brand weapon {unknown}
 h - a scroll of teleportation {unknown}
 j - a scroll of amnesia {unknown}
 k - 2 scrolls of fog {unknown}
Potions
 b - a potion of magic {unknown}
 d - a potion of might
 g - a potion of heal wounds {unknown}
 i - a potion of haste {unknown}
 l - a potion of lignification {unknown}
 m - a potion of ambrosia {unknown}


   Skills:
 * Level 5.1 Fighting
 * Level 5.7 Axes
 * Level 5.7 Armour
 + Level 0.5 Dodging
 - Level 3.6 Shields


You had 5 spell levels left.
You didn't know any spells.
Your spell library contained the following spells:

 Spells                   Type           Power      Damage    Failure   Level
 Magic Dart               Conj           0%         1d3       99%         1
 Searing Ray              Conj           0%         2d4       100%        2
 Fulminant Prism          Conj/Hex       0%         3d6       100%        4


Dungeon Overview and Level Annotations

Branches:
Dungeon (3/15)

Altars:
Elyvilon
Fedhas
Hepliaklqana
Zin

Annotations:
D:3 1 runed translucent door, Crazy Yiuf


Innate Abilities, Weirdness & Mutations

You have a pair of horns on your head.
You reflexively headbutt those who attack you in melee.


Message History

A gnoll comes into view. It is wielding a +1 vorpal flail.
The orc priest begins to cast a cantrip, but forgets the words!
The gnoll barely misses you. The orc priest hits you with a +0 whip.
The gnoll moves out of view.
You barely miss the orc priest. Your headbutt misses the orc priest.
The orc priest is severely wounded.
The gnoll barely misses you.
The orc priest hits you but does no damage.
You closely miss the orc priest.
The orc priest is severely wounded.
The gnoll barely misses you. The gnoll hits you but does no damage.
The orc priest hits you with a +0 whip.
Unknown command.
You closely miss the orc priest.
You headbutt the orc priest, but do no damage.
The orc priest is severely wounded.
The gnoll barely misses you. The gnoll hits you but does no damage.
You block the orc priest's attack. You block the gnoll's attack. x2
The gnoll closely misses you.
Things that are here:
a +0 hand axe; an orc corpse You closely miss the gnoll.
You hit the orc priest. The orc priest barely misses you.
The gnoll closely misses you. The gnoll hits you with a +0 halberd.
* * * LOW HITPOINT WARNING * * *
The orc priest hits you but does no damage.
You slash the gnoll!
You kill the gnoll!
You hit the orc priest.
You kill the orc priest!
The gnoll barely misses you. The orc hits you with a +0 hand axe.
* * * LOW HITPOINT WARNING * * *
Things that are here:
a +0 halberd; 27 stones You block the orc's attack.
You slash the orc!
You kill the orc!
The gnoll hits you from afar with a +0 halberd!
You die...

....≈≈#####≈≈≈≈≈≈≈≈≈≈≈≈.)..≈≈≈≈≈≈
....≈≈#...#......................
....≈≈#...#############''''######
...P≈≈###'#..... #....#
....≈≈≈.#....... #....# ....≈≈≈.#
..... #....# ....≈≈≈.#
####''#######....# # ....≈≈≈.#
#.#...).....#....#.... ....≈≈≈.#
#.'...@)g)).'....'g.8# ....≈≈≈.#
#.#.........'....'..8# .P..≈≈≈.#
#.#.........#8..8#.... ....≈≈≈.#
#################### ....≈≈###+#
...P≈≈#...#######################
....≈≈#oo.#......................
....≈≈#####≈≈≈≈≈≈≈≈≈≈≈≈≈≈≈≈≈≈≈≈≈≈
....≈≈≈≈≈≈≈≈≈≈≈≈≈≈≈≈≈≈≈≈≈≈≈≈≈≈≈≈≈


You could see a gnoll.

Vanquished Creatures
  2 howler monkeys (D:3)
  4 orc priests (D:3)
  4 gnolls (D:3)
  3 adders (D:2)
  A worm (D:2)
  3 dart slugs (D:1)
  9 orcs (D:3)
  4 bats
  6 endoplasms
  5 goblins
  2 hobgoblins (D:2)
  16 jackals
  2 quokkas (D:1)
  7 ball pythons
  3 frilled lizards
  7 kobolds
  6 rats
  3 bushes (D:3)
87 creatures vanquished.

Vanquished Creatures (others)
  A fungus (D:3)
  4 plants (D:3)
5 creatures vanquished.

Grand Total: 92 creatures vanquished

Notes
Turn   | Place    | Note
-------+----------+-------------------------------------------
     0 | D:1      | Sanktem7 the Minotaur Fighter began the quest for the Orb.
     0 | D:1      | Reached XP level 1. HP: 19/19 MP: 0/0
   262 | D:1      | Found a faded altar of an unknown god.
   388 | D:1      | Reached XP level 2. HP: 27/27 MP: 1/1
   652 | D:1      | Reached XP level 3. HP: 33/33 MP: 2/2
  1450 | D:2      | Reached skill level 5 in Armour
  1450 | D:2      | Reached XP level 4. HP: 31/41 MP: 3/3
  2283 | D:2      | Found a hazy altar of Hepliaklqana.
  2776 | D:3      | Reached XP level 5. HP: 43/47 MP: 4/4
  2851 | D:3      | Found a hazy altar of Hepliaklqana.
  2927 | D:3      | Found a blossoming altar of Fedhas.
  2931 | D:3      | Found a white marble altar of Elyvilon.
  3055 | D:3      | Found a glowing silver altar of Zin.
  3244 | D:3      | Reached skill level 5 in Axes
  3248 | D:3      | Reached XP level 6. HP: 15/55 MP: 5/5
  3501 | D:3      | Found a runed translucent door.
  3502 | D:3      | Noticed Crazy Yiuf
  3651 | D:3      | Reached skill level 5 in Fighting
  3713 | D:3      | Slain by a gnoll

Illustrated notes

Levels and vault maps discovered:
D:1:      wander_arrival_estate, layout_basic,
          shapermc_ecumenical_altar_mp_ritualfount, minmay_misc_feat_roman
D:2:      layout_basic, basic_altar
D:3:      lemuel_castle_with_subvaults [lemuel_castle_interior_carwin_2],
          layout_loops_corners, lemuel_crystal_altar,
          gammafunk_temple_overflow_forgotten, uniq_crazy_yiuf_cottage

Skill      XL: |  1  2  3  4  5  6 |
---------------+-------------------+-----
Fighting       | 4 5 |  5.1
Armour         | 4 5 |  5.7
Axes           | 3 4 5 |  5.7
Dodging        | |  0.5
Shields        | |  3.6

Action                   |  1- 3 |  4- 6 || total
-------------------------+-------+-------++-------
Melee: War axe           |    59 |   173 ||   232
       Headbutt          |    11 |    43 ||    54
Armor: Scale mail        |    24 |    20 ||    44
       Chain mail        |       |    27 ||    27
Dodge: Dodged            |    31 |    44 ||    75
Block: Buckler           |    20 |    18 ||    38
